 Dungeon Crawl Stone Soup version 0.26.1-11-gd32895ea62 (webtiles) character file.

Game seed: 10018471279409555014

39764 dtburroughs the Cleaver (level 13, -3/122 HPs)
             Began as a Minotaur Berserker on July 24, 2021.
             Was a High Priest of Trog.
             Slain by an ice devil (11 damage)
             ... in an ice cave.
             The game lasted 00:35:57 (17404 turns).

dtburroughs the Cleaver (Minotaur Berserker)       Turns: 17404, Time: 00:35:58

Health: -3/122     AC: 23    Str: 22    XL:     13   Next: 71%
Magic:  12/12      EV: 17    Int:  7    God:    Trog [*****.]
Gold:   1530       SH:  0    Dex: 12    Spells: 12/12 levels left

rFire    . . .     SeeInvis .   V - +6 executioner's axe
rCold    + . .     Faith    .   (shield currently unavailable)
rNeg     . . .     Spirit   .   F - +2 ring mail {rC+}
rPois    .         Reflect  .   (helmet restricted)
rElec    .         Harm     .   I - +2 cloak
rCorr    +         Rampage  .   (no gloves)
Will     ++++.                  x - +0 pair of boots
Stlth    +.........             u - amulet of regeneration
HPRegen  1.70/turn              G - ring of resist corrosion
MPRegen  0.13/turn              j - ring of Bubuatoq {Will++ AC+4}

@: regenerating
A: retaliatory headbutt, horns 2, thin metallic scales 1, yellow scales 1, wild
magic 1
a: Renounce Religion, Berserk, Trog's Hand, Brothers in Arms


You were in an ice cave.
You worshipped Trog.
Trog was extremely pleased with you.
You visited 1 branch of the dungeon, and saw 14 of its levels.
You also visited: Bailey and Ice Cave.

You collected 1969 gold pieces.
You spent 439 gold pieces at shops.

Inventory:

Hand Weapons
 k - a +6 vorpal battleaxe
 A - a +4 hand axe
 E - a +2 antimagic hand axe
 N - a +2 executioner's axe of freezing
 Q - a +2 war axe of flaming
 R - a +3 antimagic battleaxe
 V - a +6 executioner's axe (weapon)
Armour
 x - a +0 pair of boots (worn)
 y - a +0 plate armour
 F - a +2 ring mail of cold resistance (worn)
 I - a +2 cloak (worn)
Jewellery
 j - the ring of Bubuatoq (right hand) {Will++ AC+4}
   (You found it in a bailey)

   [ring of protection]

   It affects your AC (+4).
   It affects your willpower, your defense against some magical effects.
 o - an uncursed ring of stealth
 u - an amulet of regeneration (around neck)
 v - an uncursed ring of flight
 G - a ring of resist corrosion (left hand)
Wands
 a - a wand of iceblast (6)
 t - a wand of flame (48)
 L - a wand of random effects (18)
Scrolls
 d - 9 scrolls of remove curse
 e - 9 scrolls of fear
 g - 2 scrolls of fog
 i - a scroll of blinking
 n - 2 scrolls of enchant weapon {unknown}
 p - 4 scrolls of noise
 r - a scroll of magic mapping {unknown}
 s - 2 scrolls of random uselessness {unknown}
 z - 4 scrolls of teleportation
 C - 2 scrolls of immolation
 D - a scroll of vulnerability {unknown}
 T - a scroll of holy word {unknown}
Potions
 b - a potion of ambrosia {unknown}
 f - 4 potions of lignification
 h - 2 potions of mutation
 l - a potion of flight
 m - 9 potions of curing
 q - a potion of berserk rage {unknown}
 w - a potion of cancellation {unknown}
 B - 4 potions of haste
 H - 2 potions of attraction {unknown}
 K - a potion of magic {unknown}
 M - 3 potions of resistance {unknown}
 O - a potion of heal wounds
 P - a potion of invisibility {unknown}
Miscellaneous
 c - a condenser vane
 U - a box of beasts


   Skills:
 + Level 13.2 Fighting
 + Level 13.2 Axes
 + Level 12.9 Armour
 + Level 12.0 Dodging
 + Level 9.4 Evocations


You had 12 spell levels left.
You didn't know any spells.
Your spell library was empty.

Dungeon Overview and Level Annotations

Branches:
Dungeon (14/15) Temple (0/1) D:5 Lair (0/6) D:11 Orc (0/2) D:12 Vaults (0/5) D:12 D:13 Bailey (visited) IceCv (1/1)

Altars:
Ashenzari
Dithmenos
Gozag
Makhleb
Nemelex Xobeh
Okawaru
Trog
Wu Jian
Xom
The Shining One
Beogh

Shops:
D:4 *   D:11 *


Innate Abilities, Weirdness & Mutations

You reflexively headbutt those who attack you in melee.
You have a pair of horns on your head.
You are partially covered in thin metallic scales. (AC +2)
You are partially covered in yellow scales. (AC +2)
Your spells are a little harder to cast, but a little more powerful.


Message History

* * * LOW HITPOINT WARNING * * *
Your two-headed ogre barely misses the ice devil.
Your two-headed ogre hits the ice devil with a +0 giant spiked club.
The ice devil barely misses you. The ice devil misses you.
You furiously retaliate!
You headbutt the ice devil, but do no damage.
The ice devil misses you. You furiously retaliate!
You headbutt the ice devil. The ice devil misses you.
You slash the ice devil! You headbutt the ice devil.
You kill the ice devil!
Trog accepts your kill.
You slash the ice devil! You closely miss the ice devil.
You slash the ice devil!
You are engulfed in freezing vapours.
You resist.
* * * LOW HITPOINT WARNING * * *
Your two-headed ogre barely misses the ice devil.
Your two-headed ogre hits the ice devil with a +0 giant spiked club!
The ice devil misses you. The ice devil hits you.
* * * LOW HITPOINT WARNING * * *
The ice devil freezes you! You resist.
You die...

#....## #.§.# ##..##
°§°. #...## §≈§# ##...#
§○☼ #..## ##.○##
#...#### #..O§#
##..#..## # ##.#44#
#..#..○## °#○#.§##@##
#....§○.# ....§§§#.4#
#...##§§## ....≈4§°§○#
#..###§§§# ##§§4#☼○☼#
##.#.##°§# §§§. #☼§§#
##....#..# §§
#§§§###....##..#
###.°§§##....#..## # #
##.§§§§○##)..##..#
#..#.#...§§#☼○##).#..##


You could see 3 ice devils and a friendly two-headed ogre (summoned, berserk).

Vanquished Creatures
  Rupert (D:12)
  A tengu reaver (D:12)
  A yaktaur captain (D:12)
  Harold (D:7)
  2 hydras
  Erica (D:10)
  4 two-headed ogres
  5 centaur warriors
  Urug (D:13)
  A skeletal warrior (D:12)
  A wizard (D:14)
  3 unseen horrors
  Pikel (D:7)
  An orc knight (D:12)
  A deep elf mage (D:12)
  A moth of wrath (shapeshifter) (D:12)
  Joseph (D:9)
  Maurice (D:10)
  6 ugly things
  2 ice statues (IceCv)
  4 centaur skeletons
  5 ice devils (IceCv)
  A meliai (D:12)
  A troll (D:9)
  A shadow (D:13)
  A wraith (D:11)
  2 vampires
  18 humans
  7 wyverns
  13 yaks
  Grum (D:9)
  A basilisk (D:11)
  An acid dragon (D:14)
  7 water moccasins
  10 orc warriors
  4 black bears
  4 sky beasts
  13 ice beasts
  4 phantoms
  7 ogres
  6 wolves
  9 centaurs
  2 lemures (D:7)
  7 bullfrogs
  2 big kobolds (D:13)
  5 gnoll sergeants (Bailey)
  A wyvern zombie (D:7)
  2 scorpions
  6 wights
  6 killer bees (D:12)
  2 howler monkeys
  3 electric eels (D:8)
  2 quasits
  5 centaur zombies
  A bullfrog zombie (D:6)
  4 jellies
  10 hounds
  6 orc priests
  4 gnoll shamans (Bailey)
  11 orc wizards
  3 iguanas
  8 worker ants
  3 killer bee zombies
  18 gnolls
  A howler monkey skeleton (D:9)
  17 adders
  10 white imps
  8 ufetubi
  An ooze (D:3)
  2 adder zombies
  2 adder skeletons (D:5)
  5 worms
  A dart slug (D:3)
  7 leopard geckos
  81 orcs
  11 bats
  6 giant cockroaches
  11 goblins
  8 hobgoblins
  A jackal (D:3)
  7 quokkas
  A ball python (D:1)
  4 frilled lizards
  14 kobolds
  A leopard gecko skeleton (D:5)
  A leopard gecko zombie (D:8)
  6 rats
473 creatures vanquished.

Vanquished Creatures (collateral kills)
  3 gnoll sergeants (Bailey)
  2 gnoll shamans (Bailey)
  3 gnolls (Bailey)
8 creatures vanquished.

Vanquished Creatures (others)
  A troll (D:10)
  A yak (D:10)
  2 centaurs (D:10)
  A howler monkey (D:10)
  An orc wizard (D:10)
  A worker ant zombie (D:10)
  2 white imps (IceCv)
  5 ufetubi (IceCv)
  A leopard gecko (D:10)
  6 fungi (D:11)
  21 plants
42 creatures vanquished.

Grand Total: 523 creatures vanquished

Notes
Turn   | Place    | Note
-------+----------+-------------------------------------------
     0 | D:1      | dtburroughs the Minotaur Berserker began the quest for the
                  | Orb.
     0 | D:1      | Reached XP level 1. HP: 19/19 MP: 0/0
   341 | D:1      | Reached XP level 2. HP: 18/27 MP: 1/1
  1225 | D:2      | Reached XP level 3. HP: 26/33 MP: 2/2
  1565 | D:2      | Reached ** piety under Trog
  1567 | D:2      | Found a broken altar of Ashenzari.
  1676 | D:2      | Reached XP level 4. HP: 16/40 MP: 3/3
  2639 | D:3      | Reached XP level 5. HP: 30/47 MP: 4/4
  2920 | D:3      | Found a shadowy altar of Dithmenos.
  2933 | D:3      | Reached *** piety under Trog
  3092 | D:3      | Found a glowing golden altar of the Shining One.
  3166 | D:3      | Found a sparkling altar of Nemelex Xobeh.
  3576 | D:4      | Reached skill level 5 in Fighting
  3576 | D:4      | Reached skill level 5 in Axes
  3796 | D:4      | Reached XP level 6. HP: 56/56 MP: 5/5
  3814 | D:4      | Found a burning altar of Makhleb.
  3851 | D:4      | Found a bloodstained altar of Trog.
  3912 | D:4      | Found Cuyxt's Assorted Antiques.
  4310 | D:5      | Entered Level 5 of the Dungeon
  4387 | D:5      | Found a staircase to the Ecumenical Temple.
  4491 | D:5      | Noticed a sky beast
  4513 | D:5      | Killed a sky beast
  4751 | D:5      | Noticed an ice beast
  4775 | D:5      | Killed an ice beast
  4776 | D:5      | Reached skill level 5 in Armour
  4776 | D:5      | Reached XP level 7. HP: 49/62 MP: 6/6
  5489 | D:5      | Reached skill level 5 in Dodging
  5650 | D:6      | Found an ornate altar of the Wu Jian Council.
  5745 | D:6      | Reached skill level 1 in Evocations
  5765 | D:6      | Reached XP level 8. HP: 48/71 MP: 7/7
  5952 | D:6      | Reached **** piety under Trog
  6698 | D:7      | Found a flagged portal.
  6714 | Bailey   | Entered a bailey
  6855 | Bailey   | Gained mutation: Your spells are a little harder to cast,
                  | but a little more powerful. [potion of mutation]
  6855 | Bailey   | Gained mutation: You are partially covered in yellow
                  | scales. (AC +2) [potion of mutation]
  6855 | Bailey   | Gained mutation: You are partially covered in thin metallic
                  | scales. (AC +2) [potion of mutation]
  6862 | Bailey   | Reached XP level 9. HP: 19/79 MP: 8/8
  7475 | Bailey   | Got an ancient platinum ring
  7483 | Bailey   | Identified the ring of Bubuatoq {Will++ AC+4} (You found it
                  | in a bailey)
  7988 | D:7      | Noticed Harold
  8002 | D:7      | Noticed Pikel
  8012 | D:7      | Killed Harold
  8023 | D:7      | Killed Pikel
  8141 | D:7      | Reached XP level 10. HP: 60/90 MP: 3/9
  9222 | D:7      | Found an iron altar of Okawaru.
  9428 | D:7      | Reached skill level 5 in Evocations
  9708 | D:8      | Found an opulent altar of Gozag.
 10674 | D:4      | Bought a glowing executioner's axe for 299 gold pieces
 10806 | D:9      | You fall into a shaft and drop 2 floors!
 10806 | D:11     | Noticed a four-headed hydra
 10811 | D:11     | Found Cuatiejo's General Store.
 10820 | D:11     | Killed a ten-headed hydra
 10880 | D:11     | Bought a scroll of teleportation for 42 gold pieces
 10880 | D:11     | Bought a scroll of identify for 28 gold pieces
 10880 | D:11     | Bought a potion of heal wounds for 70 gold pieces
 10954 | D:11     | Noticed a two-headed ogre
 10963 | D:11     | Killed a two-headed ogre
 10964 | D:11     | Reached skill level 10 in Fighting
 10964 | D:11     | Reached skill level 10 in Axes
 10964 | D:11     | Reached XP level 11. HP: 78/99 MP: 10/10
 10964 | D:11     | Reached ***** piety under Trog
 11026 | D:10     | Entered Level 10 of the Dungeon
 11054 | D:10     | Noticed Maurice
 11062 | D:10     | Killed Maurice
 11083 | D:9      | Noticed Joseph
 11096 | D:9      | Killed Joseph
 11143 | D:9      | Reached skill level 10 in Armour
 11177 | D:9      | Noticed a two-headed ogre
 11191 | D:9      | Killed a two-headed ogre
 11366 | D:9      | Noticed Grum
 11373 | D:9      | Killed Grum
 11698 | D:9      | Received a gift from Trog
 12083 | D:10     | Killed an unseen horror
 12483 | D:10     | Noticed Erica
 12494 | D:10     | Killed Erica
 12596 | D:10     | Found a roughly hewn altar of Beogh.
 12732 | D:10     | Found a shimmering altar of Xom.
 12876 | D:11     | Noticed a two-headed ogre
 12883 | D:11     | Reached skill level 10 in Dodging
 12890 | D:11     | Killed a two-headed ogre
 12993 | D:11     | Found a staircase to the Lair.
 13038 | D:11     | You fall into a shaft and drop 1 floor!
 13054 | D:12     | Reached XP level 12. HP: 109/110 MP: 11/11
 13512 | D:12     | Found a staircase to the Orcish Mines.
 13664 | D:13     | Found a gate to the Vaults.
 13664 | D:13     | Noticed Urug
 13664 | D:13     | Noticed Rupert
 13664 | D:13     | Noticed a centaur warrior
 13695 | D:12     | Received a gift from Trog
 13696 | D:12     | HP: 8/165 [Rupert/+0 great sword of holy wrath (21)]
 13697 | D:12     | Killed Rupert
 14347 | D:13     | Killed Urug
 14668 | D:13     | Killed a centaur warrior
 14892 | D:13     | Noticed a centaur warrior
 14903 | D:13     | Killed a centaur warrior
 15233 | D:13     | Reached XP level 13. HP: 113/119 MP: 12/12
 15973 | D:12     | Noticed a tengu reaver
 15997 | D:12     | Killed a tengu reaver
 16021 | D:12     | HP: 7/178 [moth of wrath (glowing shapeshifter) (6)]
 16903 | D:14     | Received a gift from Trog
 16909 | D:14     | Found a frozen archway.
 16923 | IceCv    | Entered an ice cave
 17404 | IceCv    | Slain by an ice devil

Illustrated notes

Levels and vault maps discovered:
D:1:      lightli_arrival_isolated_outpost, layout_basic, serial_bayou_crossing
D:2:      layout_rooms, nicolae_overflow_crystal_walls
D:3:      minmay_angry_zag, layout_loops_ring,
          nemelex_xobeh_ov_fountains_minmay, tso_altar,
          nicolae_dithmenos_shadow_blocks
D:4:      layout_rooms, lightli_temple_of_fire, nicolae_overflow_hidden_temple,
          serial_shops, nicolae_shop_overgrown_old_shop
D:5:      layout_gridville, minmay_temple_entry_from_below_a
D:6:      layout_gridville, basic_altar
D:7:      minmay_razor_zed, layout_loops_ring, okawaru_humans, enter_bailey_3,
          uniq_pikel, uniq_harold
D:8:      layout_basic, lemuel_round_altar, hangedman_decor_peaks_small,
          water_boxes_lemuel
D:9:      layout_roguey, chequers_serial_rivers_large_a, uniq_joseph, uniq_grum
D:10:     layout_roguey [special_room_orc], xom_confusion_cloud, uniq_maurice,
          uniq_erica
D:11:     layout_big_octagon, minmay_lair_entry_grove, serial_shops, shop,
          serial_bayou_pond_b, dk_noncrumbling_3
D:12:     minmay_klotski, layout_basic, david_orc_2
D:13:     layout_loops_ring, david_vaults_3
D:14:     layout_roguey, serial_ice, serial_ice_e, serial_ice_k, serial_ice_n,
          serial_ice_b, portal_ice_cave_entry_ice_beasts, grunt_decor_junction,
          serial_shops, shop_statue, st_stairs_5
IceCv:    ice_cave_small_demon

Skill      XL: |  1  2  3  4  5  6  7  8  9 10 11 12 13 |
---------------+----------------------------------------+-----
Axes           | 4 5 6 7 8 10 11 12 13 | 13.2
Fighting       | 4 5 6 7 8 10 11 12 13 | 13.2
Armour         | 3 4 5 7 8 9 10 12 | 12.9
Dodging        | 3 4 5 6 7 8 10 11 12 | 12.0
Evocations     | 1 3 4 5 7 8 9 |  9.4

Action                   |  1- 3 |  4- 6 |  7- 9 | 10-12 | 13-15 || total
-------------------------+-------+-------+-------+-------+-------++-------
Melee: Hand axe          |   100 |   189 |   314 |   206 |       ||   809
       Headbutt          |     6 |    41 |    63 |   120 |    49 ||   279
       Executioner's axe |       |       |       |   338 |    50 ||   388
       Battleaxe         |       |       |       |   110 |   147 ||   257
       War axe           |       |       |       |       |    29 ||    29
Invok: Trog's Hand       |       |     1 |     5 |     2 |     6 ||    14
       Brothers in Arms  |       |       |     2 |       |     2 ||     4
       Berserk           |       |       |       |     2 |     1 ||     3
Evoke: Wand              |       |       |     4 |     9 |       ||    13
  Use: Potion            |     2 |       |     5 |       |     1 ||     8
       Scroll            |       |       |     6 |     3 |     4 ||    13
 Stab: Paralysed         |       |       |    15 |     9 |       ||    24
Armor: Animal skin       |    13 |     4 |       |       |       ||    17
       Skin              |    14 |       |       |       |       ||    14
       Chain mail        |       |    84 |    25 |       |       ||   109
       Plate armour      |       |       |   293 |   612 |   128 ||  1033
       Ring mail         |       |       |       |       |    30 ||    30
Dodge: Dodged            |    85 |    97 |   202 |   469 |   160 ||  1013
